 Dungeon Sprint DCSS version 0.19-a0-277-g85cb9a5 (webtiles) character file.

17948 pipel the Spry (level 12, -17/114 HPs)
             Began as a Merfolk Skald on May 25, 2016.
             Was a Believer of Hepliaklqana.
             Demolished by a deep troll earth mage (27 damage)
             ... in the Dungeon (Sprint IX: "|||||||||||||||||||||||||||||") on May 26, 2016.
             The game lasted 00:22:22 (2382 turns).

pipel the Spry (Merfolk Skald)                      Turns: 2382, Time: 00:22:23

Health: -17/114    AC:  8    Str: 12    XL:     12   Next: 53%
Magic:  19/28      EV: 29    Int: 16    God:    Hepliaklqana [**....]
Gold:   261        SH:  0    Dex: 17    Spells: 5 memorised, 25 levels left

rFire  . . .     SeeInvis .     a - +2 halberd (venom)
rCold  . . .     Gourm    .     b - +0 leather armour
rNeg   . . .     Faith    .     (shield currently unavailable)
rPois  .         Spirit   .     (no helmet)
rElec  .         Dismiss  .     C - +0 cloak
rCorr  .         Reflect  .     U - +1 pair of gloves
SustAt .         Harm     .     D - +1 pair of boots
MR     .....     NoTele   +     (no amulet)
Stlth  +.........               s - +2 ring of evasion
                                r - +3 ring of intelligence

@: very slightly contaminated, regenerating, not resistant to hostile
enchantments, very unstealthy
A: change form in water, swift swim
a: Recall Ancestor, Ancestor Identity, Renounce Religion


You were in the Dungeon.
You worshipped Hepliaklqana.
Hepliaklqana was pleased with you.
You were not hungry.

You visited 1 branch You collected 1953 gold pieces.
You spent 1692 gold pieces at shops.

Inventory:

Hand Weapons
 a - a +2 halberd of venom (weapon)
 i - the +6 eveningstar of the Heavens {drain, +Inv}
   (You bought it in a shop in the Dungeon)

   A truly terrible weapon, it drains the life of those it strikes.
   It lets you turn invisible.
 p - a +0 spear
 z - the +8 spear "Zixitett" {freeze, +Blink Str+2}
   (You bought it in a shop in the Dungeon)

   It has been specially enchanted to freeze those struck by it, causing extra
   injury to most foes and up to half again as much damage against particularly
   susceptible opponents.
   It can also slow down cold-blooded creatures.
   It affects your strength (+2).
   It lets you blink.
 L - a +0 glaive
 Q - the cursed +1 glaive of Cataclysm {antimagic, *Confuse rPois rC+ Stlth+}
   (You found it in the Dungeon)

   It disrupts the flow of magical energy around spellcasters and certain
   magical creatures (including the wielder).
   It protects you from cold.
   It protects you from poison.
   It may confuse you when you take damage.
   It makes you more stealthy.
   It has a curse placed upon it.
 R - a +0 bardiche
Armour
 b - a +0 leather armour (worn)
 C - a +0 cloak (worn)
 D - a +1 pair of boots (worn)
 E - a +1 robe of fire resistance
 S - a +1 buckler of reflection
 T - a +1 fire dragon armour
 U - a +1 pair of gloves (worn)
Magical Staves
 o - an uncursed staff of energy
Jewellery
 r - a +3 ring of intelligence (left hand)
 s - a +2 ring of evasion (right hand)
 w - an uncursed amulet of harm
 K - an uncursed ring of poison resistance
 N - an uncursed ring of protection from cold
 O - an uncursed ring of ice
 P - an uncursed ring of ice
Wands
 n - a wand of lightning (0/15)
Scrolls
 j - 5 scrolls of blinking
 l - 3 scrolls of remove curse
 m - 2 scrolls of amnesia
 x - 2 scrolls of fog
 y - 2 scrolls of fear
 I - 2 scrolls of identify
 J - 4 scrolls of enchant weapon
 V - a scroll of recharging
Potions
 e - 3 potions of curing
 f - 2 potions of heal wounds
 g - a potion of haste
 h - 4 potions of magic
 k - 2 potions of invisibility
 q - a potion of brilliance
 t - 3 potions of berserk rage
 u - a potion of agility
 v - a potion of might
 F - a potion of resistance
 M - 3 potions of lignification {unknown}
Books
 c - a book of Battle

   Spells                             Type                      Level
   a - Infusion                       Charms                       1
   b - Shroud of Golubria             Charms/Translocation         2
   c - Song of Slaying                Charms                       2
   d - Spectral Weapon                Hexes/Charms                 3
   e - Regeneration                   Charms/Necromancy            3
Miscellaneous
 G - a sack of spiders
 H - a plain deck of defence
Comestibles
 d - 12 bread rations
 A - 40 fruits
 B - 12 meat rations
 W - 2 chunks of flesh


   Skills:
 + Level 17.2 Fighting
 + Level 17.5 Polearms
 - Level 0.6 Armour
 + Level 19.9 Dodging
 + Level 12.7 Spellcasting
 - Level 10.2 Charms
 - Level 5.3 Necromancy


You had 25 spell levels left.
You knew the following spells:

 Your Spells              Type           Power        Failure   Level  Hunger
a - Infusion              Chrm           ####         1%          1    None
r - Regeneration          Chrm/Necr      #####.....   1%          3    None
s - Song of Slaying       Chrm           #####...     1%          2    None
w - Spectral Weapon       Hex/Chrm       ####....     3%          3    None
S - Shroud of Golubria    Chrm/Tloc      ####......   1%          2    None


Dungeon Overview and Level Annotations

Branches:
Dungeon (1/1)

Altars:
Cheibriados
Dithmenos
Elyvilon
Fedhas
Gozag
Hepliaklqana
Kikubaaqudgha
Makhleb
Nemelex Xobeh
Okawaru
Pakellas
Qazlal
Ru
Sif Muna
Trog
Ukayaw
Vehumet
Xom
Yredelemnul
Zin
The Shining One
Beogh
Jiyva
Lugonu

Shops:
D (*?*


Message History

* * * LOW HITPOINT WARNING * * *
The deep troll earth mage completely misses you.
The deep troll earth mage barely misses you.
Your spectral weapon hits the deep troll earth mage from afar!
The deep troll earth mage looks even sicker.
You take 23 damage, and have 11/114 hp.
MASSIVE DAMAGE!!
You barely miss the deep troll earth mage.
The deep troll earth mage is moderately wounded.
Your spectral weapon barely misses the deep troll earth mage.
The deep troll earth mage closely misses you.
The deep troll earth mage claws you.
* * * LOW HITPOINT WARNING * * *
The deep troll earth mage misses you.
Drink which item? (? for menu, Esc to quit)
You feel much better. The deep troll earth mage bites you!!
* * * LOW HITPOINT WARNING * * *
The deep troll earth mage closely misses you.
The deep troll earth mage completely misses you.
The deep troll earth mage bites you!!
You die...

▓_▓.▓%▓.▓.▓.▓)▓,*,*,*,*,*,*,*,
▓_▓.▓.▓.▓.▓.▓.▓,*,*,*,*,*,*,*,
▓_▓.▓.▓.▓.▓.▓[▓,*,*,*,*,*,*,*,
▓_▓.▓.▓.▓.▓.▓[▓,*+*,*,*,*,*,*,
▓_▓.▓.▓.▓.▓.▓.▓,*,*,*,*,*,*,*,
▓_▓.▓.▓.▓'▓.▓[▓,*,*,*,*,*,*,*,
▓_▓.▓.▓.▓[▓.▓[▓,*,*,*,*,*,*,*,
▓_▓.▓.▓.▓[▓.▓(▓,*,*,*,*,*,*,*,
▓_▓.▓.▓.▓)▓.▓@▓,*,*,*,*,*,*,*,
▓_▓.▓'▓.▓.▓.▓T▓,*,*,*,*,*,*,*,
▓_▓.▓÷▓.▓.▓.▓.▓,*,*,*,*,*,*,*,
▓_▓.▓.▓.▓.▓.▓.▓,*,*,*,*,*,*,*,
▓_▓.▓.▓.▓.▓.▓.▓,*,*,*,*,*,*,*,
▓_▓.▓÷▓.▓.▓.▓T▓,*+*,*,*,*,*,*+
▓_▓.▓.▓.▓.▓.▓.▓,*,*,*+*,*,*,*,
▓_▓.▓.▓.▓.▓.▓.▓,*,*,*,*,*,*,*,
▓_▓.▓.▓.▓.▓.▓.▓,*,*,*,*,*,*,*,


You could see a deep troll earth mage, a deep troll shaman and a friendly
spectral halberd of venom.

Vanquished Creatures
  A stone giant (D)
  A fire dragon (D)
  Erolcha (D)
  A hydra (D)
  2 centaur warriors (D)
  A catoblepas (D)
  4 death yaks (D)
  An ogre mage (D)
  2 hill giants (D)
  2 orc knights (D)
  A cyclops (D)
  A torpor snail (D)
  A black mamba (D)
  Psyche (D)
  4 spiny frogs (D)
  A komodo dragon (D)
  5 two-headed ogres (D)
  A slime creature (D)
  A shadow (D)
  Eustachio (D)
  4 yaks (D)
  A wraith (D)
  A hippogriff (D)
  3 porcupines (D)
  9 orc warriors (D)
  An ice beast (D)
  A black bear (D)
  A phantom (D)
  7 ogres (D)
  A crocodile (D)
  3 giant frogs (D)
  A howler monkey (D)
  An orc priest (D)
  4 iguanas (D)
  6 orc wizards (D)
  A gnoll (D)
  An adder skeleton (D)
  2 dart slugs (D)
  2 giant geckos (D)
  8 orcs (D)
  A bat skeleton (D)
  A bat zombie (D)
  A hobgoblin (D)
  A quokka (D)
  A bat (D)
  A rat (D)
97 creatures vanquished.

Vanquished Creatures (collateral kills)
  A death yak (D)
  An ugly thing (D)
  An orc (D)
3 creatures vanquished.

Vanquished Creatures (others)
  2 knights (D)
  8 ancestors (D)
  6 spectral weapons (D)
16 creatures vanquished.

Grand Total: 116 creatures vanquished

Notes
Turn   | Place    | Note
--------------------------------------------------------------
     0 | D        | pipel the Merfolk Skald began the quest for the Orb.
     0 | D        | Reached XP level 1. HP: 16/16 MP: 3/3
     7 | D        | Reached skill level 2 in Dodging
    23 | D        | Reached skill level 3 in Dodging
    23 | D        | Reached XP level 2. HP: 5/24 MP: 0/5
    34 | D        | Learned a level 2 spell: Shroud of Golubria
   257 | D        | Learned a level 2 spell: Song of Slaying
   281 | D        | Noticed an ice beast
   286 | D        | Reached skill level 5 in Polearms
   286 | D        | Reached skill level 4 in Dodging
   286 | D        | Reached XP level 3. HP: 31/31 MP: 1/6
   294 | D        | Killed an ice beast
   294 | D        | Reached skill level 7 in Dodging
   294 | D        | Reached XP level 4. HP: 39/41 MP: 2/7
   294 | D        | Reached XP level 5. HP: 44/47 MP: 2/8
   310 | D        | Found a glowing silver altar of Zin.
   310 | D        | Found a glowing golden altar of the Shining One.
   310 | D        | Found an ancient bone altar of Kikubaaqudgha.
   310 | D        | Found a basalt altar of Yredelemnul.
   310 | D        | Found a shimmering altar of Xom.
   310 | D        | Found a radiant altar of Vehumet.
   311 | D        | Found an iron altar of Okawaru.
   312 | D        | Found a burning altar of Makhleb.
   313 | D        | Found a deep blue altar of Sif Muna.
   314 | D        | Found a bloodstained altar of Trog.
   315 | D        | Found a sparkling altar of Nemelex Xobeh.
   316 | D        | Found a white marble altar of Elyvilon.
   317 | D        | Found a roughly hewn altar of Beogh.
   318 | D        | Found a viscous altar of Jiyva.
   319 | D        | Found a corrupted altar of Lugonu.
   320 | D        | Found a blossoming altar of Fedhas.
   321 | D        | Found a snail-covered altar of Cheibriados.
   322 | D        | Found a shadowy altar of Dithmenos.
   323 | D        | Found a stormy altar of Qazlal.
   324 | D        | Found an opulent altar of Gozag.
   325 | D        | Found a sacrificial altar of Ru.
   326 | D        | Found an oddly glowing altar of Pakellas.
   327 | D        | Found a hide-covered altar to Ukayaw.
   328 | D        | Found a hazy altar of Hepliaklqana.
   336 | D        | Became a worshipper of Hepliaklqana
   407 | D        | Learned a level 3 spell: Regeneration
   410 | D        | Noticed a black bear
   410 | D        | Noticed an orc warrior
   414 | D        | Killed a black bear
   414 | D        | Reached skill level 8 in Dodging
   414 | D        | Reached XP level 6. HP: 55/55 MP: 2/9
   432 | D        | Killed an orc warrior
   432 | D        | Reached skill level 10 in Polearms
   432 | D        | Reached skill level 9 in Dodging
   432 | D        | Reached skill level 5 in Charms
   473 | D        | Noticed a phantom
   473 | D        | Noticed a slime creature
   473 | D        | Noticed a hill giant
   483 | D        | Killed a phantom
   483 | D        | Reached XP level 7. HP: 52/63 MP: 3/10
   493 | D        | Killed a slime creature
   493 | D        | Reached skill level 10 in Dodging
   505 | D        | Killed a hill giant
   505 | D        | Reached skill level 11 in Dodging
   505 | D        | Reached skill level 5 in Necromancy
   505 | D        | Reached XP level 8. HP: 59/72 MP: 3/11
   604 | D        | Reached * piety under Hepliaklqana
   636 | D        | Learned a level 3 spell: Spectral Weapon
   640 | D        | Noticed a komodo dragon
   640 | D        | Noticed a spiny frog
   643 | D        | Noticed a spiny frog
   649 | D        | Killed a komodo dragon
   649 | D        | Reached skill level 10 in Fighting
   657 | D        | Killed a spiny frog
   657 | D        | Reached skill level 12 in Dodging
   663 | D        | Reached XP level 9. HP: 77/79 MP: 1/12
   665 | D        | Noticed a spiny frog
   695 | D        | Killed a spiny frog
   703 | D        | Killed a spiny frog
   703 | D        | Reached skill level 13 in Dodging
   703 | D        | Reached skill level 10 in Charms
   917 | D        | Noticed a torpor snail
   917 | D        | Noticed a six-headed hydra
   923 | D        | Noticed a spiny frog
   924 | D        | Reached skill level 5 in Spellcasting
   930 | D        | Noticed a black mamba
   934 | D        | Killed a six-headed hydra
   934 | D        | Reached skill level 15 in Polearms
   934 | D        | Reached skill level 14 in Dodging
   934 | D        | Reached XP level 10. HP: 34/90 MP: 13/18
   939 | D        | Killed a torpor snail
   945 | D        | Killed a spiny frog
   952 | D        | Killed a black mamba
  1051 | D        | Noticed a death yak
  1051 | D        | Noticed a death yak
  1051 | D        | Noticed a death yak
  1051 | D        | Noticed a death yak
  1054 | D        | Noticed a death yak
  1060 | D        | Noticed a catoblepas
  1069 | D        | Killed a death yak
  1069 | D        | Reached skill level 15 in Dodging
  1083 | D        | Killed a death yak
  1097 | D        | Killed a death yak
  1097 | D        | Reached XP level 11. HP: 63/99 MP: 10/23
  1137 | D        | Killed a death yak
  1137 | D        | Reached skill level 16 in Dodging
  1141 | D        | Killed a death yak
  1147 | D        | Killed a catoblepas
  1248 | D        | Noticed Psyche
  1259 | D        | Killed Psyche
  1259 | D        | Reached skill level 17 in Dodging
  1275 | D        | Noticed Erolcha
  1338 | D        | Killed Erolcha
  1338 | D        | Reached skill level 15 in Fighting
  1338 | D        | Reached skill level 10 in Spellcasting
  1421 | D        | Noticed an orc knight
  1436 | D        | Killed an orc knight
  1571 | D        | Noticed an orc knight
  1593 | D        | Killed an orc knight
  1598 | D        | Reached skill level 18 in Dodging
  1874 | D        | Found Xoes Gull's Antique Weapon Emporium.
  1903 | D        | Found Tuovon's General Store.
  1907 | D        | Noticed an ogre mage
  1909 | D        | Found Lumoper's Magic Scroll Emporium.
  1914 | D        | Killed an ogre mage
  1915 | D        | Found Iceplofe's Assorted Antiques.
  1917 | D        | Reached XP level 12. HP: 98/111 MP: 22/27
  1955 | D        | Bought a scroll labeled JACIS QIUNNEU for 21 gold pieces
  1956 | D        | Bought a scroll labeled PAPSOH ETOTUIMAP for 21 gold pieces
  1964 | D        | Upgraded the game from 0.19-a0-262-g5df7875 to 0.19-a0-277-g85cb9a5
  1970 | D        | Bought a potion of invisibility for 168 gold pieces
  1976 | D        | Bought a warped eveningstar for 400 gold pieces
  1976 | D        | Bought a scorched spear for 160 gold pieces
  1976 | D        | Identified the +8 spear "Zixitett" {freeze, +Blink Str+2} (You bought it in a shop in the Dungeon)
  1980 | D        | Identified the +6 eveningstar of the Heavens {drain, +Inv} (You bought it in a shop in the Dungeon)
  1984 | D        | Bought a potion of resistance for 120 gold pieces
  1984 | D        | Bought a sack of spiders for 240 gold pieces
  1984 | D        | Bought a scroll of blinking for 90 gold pieces
  1984 | D        | Bought a scroll of fog for 24 gold pieces
  1984 | D        | Bought a plain deck of defence for 168 gold pieces
  1986 | D        | Bought a scroll of identify for 20 gold pieces
  1986 | D        | Bought a scroll of enchant weapon for 75 gold pieces
  1986 | D        | Bought a scroll of magic mapping for 35 gold pieces
  1986 | D        | Bought a scroll of enchant weapon for 75 gold pieces
  1986 | D        | Bought a scroll of blinking for 75 gold pieces
  2051 | D        | Reached ** piety under Hepliaklqana
  2051 | D        | Noticed Eustachio
  2052 | D        | Remembered your ancestor Lucius as a knight
  2064 | D        | Killed Eustachio
  2156 | D        | Got the cursed +1 glaive of Cataclysm {antimagic, *Confuse rPois rC+ Stlth+}
  2210 | D        | Noticed a centaur warrior
  2223 | D        | Noticed a centaur warrior
  2228 | D        | Killed a centaur warrior
  2228 | D        | Reached skill level 19 in Dodging
  2236 | D        | Noticed a fire dragon
  2245 | D        | Killed a centaur warrior
  2250 | D        | Killed a fire dragon
  2334 | D        | Noticed a stone giant
  2336 | D        | Noticed a deep troll earth mage
  2338 | D        | Noticed a deep troll shaman
  2365 | D        | Killed a stone giant
  2382 | D        | Demolished by a deep troll earth mage

Vault maps used:
D:        linesprint

Skill      XL: |  1  2  3  4  5  6  7  8  9 10 11 12 |
---------------+-------------------------------------+-----
Dodging        | 3 4 7 8 9 11 12 14 15 18 19 | 19.9
Fighting       | 3 4 6 7 8 9 10 12 13 16 17 | 17.2
Polearms       | 4 5 8 9 10 12 13 15 17 | 17.5
Charms         | 4 6 8 9 10 | 10.2
Necromancy     | 2 3 5 |  5.3
Spellcasting   | 5 8 11 12 | 12.7
Armour         | |  0.6

Action                   |  1- 3 |  4- 6 |  7- 9 | 10-12 || total
-------------------------+-------+-------+-------+-------++-------
Melee: Spear             |    31 |     6 |     9 |       ||    46
       Halberd           |       |    28 |    64 |   242 ||   334
 Cast: Infusion          |     1 |       |       |     3 ||     4
       Shroud of Golubri |     1 |     2 |     2 |     8 ||    13
       Song of Slaying   |     1 |     2 |     2 |     7 ||    12
       Regeneration      |       |     1 |     2 |    16 ||    19
       Spectral Weapon   |       |       |     1 |    13 ||    14
Invok: Ancestor Life: Kn |       |       |       |     1 ||     1
Evoke: Wand              |       |       |     7 |     5 ||    12
       Sack of spiders   |       |       |       |     1 ||     1
  Use: Potion            |     1 |       |     4 |     3 ||     8
       Scroll            |       |       |       |     5 ||     5
 Stab: Sleeping          |     1 |       |       |       ||     1
       Distracted        |       |       |       |     1 ||     1
  Eat: Chunk             |       |       |     2 |     3 ||     5
       Bread ration      |       |       |       |     1 ||     1
Armor: Leather armour    |     4 |     6 |     6 |     6 ||    22
Dodge: Dodged            |     9 |    28 |    51 |    93 ||   181
